 Dungeon Crawl Stone Soup version 0.19.4-9-g45fd643 (webtiles) character file.

1206 doot the Summoner (level 8, -3/44 HPs)
             Began as a Tengu Summoner on Feb 18, 2017.
             Was an Initiate of Sif Muna.
             Slain by a centaur (12 damage)
             ... on level 6 of the Dungeon.
             The game lasted 00:23:34 (5176 turns).

doot the Summoner (Tengu Summoner)                  Turns: 5176, Time: 00:23:36

Health: -3/44      AC:  4    Str: 11    XL:     8   Next: 45%
Magic:  23/23      EV: 13    Int: 16    God:    Sif Muna [......]
Gold:   253        SH:  0    Dex: 14    Spells: 4 memorised, 2 levels left

rFire  . . .     SeeInvis .     h - +2 dagger (venom)
rCold  . . .     Gourm    .     I - +1 leather armour
rNeg   . . .     Faith    .     (no shield)
rPois  .         Spirit   .     (helmet restricted)
rElec  .         Reflect  .     (no cloak)
rCorr  .         Harm     .     (no gloves)
MR     +....                    (boots unavailable)
Stlth  +++.......               l - amulet of regeneration
                                w - ring of magical power
                                j - ring of protection from magic

@: no status effects
A: beak, talons 3, able to fly 1
a: Fly, Renounce Religion


You were on level 6 of the Dungeon.
You worshipped Sif Muna.
Sif Muna was noncommittal.
You were not hungry.

You visited 2 branches of the dungeon, and saw 7 of its levels.

You collected 253 gold pieces.

Inventory:

Hand Weapons
 d - a +0 club
 g - a +0 dagger
 h - a +2 dagger of venom (weapon)
 H - a +0 halberd
 J - a +0 falchion
Missiles
 m - 30 poisoned needles
Armour
 a - a +0 robe
 F - a +0 ring mail of cold resistance
 I - a +1 leather armour (worn)
Jewellery
 j - a ring of protection from magic (left hand)
 l - an amulet of regeneration (around neck)
 w - a ring of magical power (right hand)
 C - an uncursed amulet of regeneration
Wands
 n - a wand of lightning (14/15)
 o - a wand of flame (24/48)
 v - a wand of slowing (31/48)
Scrolls
 e - a scroll of magic mapping {unknown}
 q - 8 scrolls of remove curse {unknown}
 s - a scroll of immolation {unknown}
 x - 2 scrolls of teleportation
 y - 2 scrolls of identify
 A - a scroll of amnesia {unknown}
 G - 2 scrolls of enchant armour
Potions
 i - a potion of might
 p - 3 potions of flight {unknown}
 r - 3 potions of lignification {unknown}
 u - a potion of magic {unknown}
 z - 2 potions of mutation {unknown}
 B - a potion of haste {unknown}
 D - a potion of cancellation {unknown}
Books
 b - a book of Callings

   Spells                             Type                      Level
   a - Summon Small Mammal            Summoning                    1
   b - Call Imp                       Summoning                    2
   c - Call Canine Familiar           Summoning                    3
   d - Summon Guardian Golem          Hexes/Summoning              3
   e - Summon Lightning Spire         Summoning/Air                4
   f - Summon Ice Beast               Ice/Summoning                4
 E - a book of Geomancy

   Spells                             Type                      Level
   a - Sandblast                      Earth                        1
   b - Passwall                       Transmutation/Earth          2
   c - Stone Arrow                    Conjuration/Earth            3
   d - Petrify                        Transmutation/Earth          4
   e - Lee's Rapid Deconstruction     Earth                        5
 K - a book of Cantrips

   Spells                             Type                      Level
   a - Confusing Touch                Hexes                        1
   b - Animate Skeleton               Necromancy                   1
   c - Summon Small Mammal            Summoning                    1
   d - Apportation                    Translocation                1
Comestibles
 c - 6 bread rations
 f - 3 meat rations
 k - 2 beef jerkies
 t - a slice of pizza


   Skills:
 + Level 1.8 Fighting
 + Level 3.5 Short Blades
 + Level 0.2 Maces & Flails
 + Level 1.3 Armour
 + Level 3.5 Dodging
 + Level 5.1 Stealth
 + Level 3.7 Spellcasting
 * Level 8.0 Summonings
 * Level 0.6 Ice Magic
 + Level 3.5 Air Magic


You had 2 spell levels left.
You knew the following spells:

 Your Spells              Type           Power        Failure   Level  Hunger
a - Summon Small Mammal   Summ           ####         1%          1    None
b - Call Canine Familiar  Summ           ####....     2%          3    ###....
c - Summon Lightning Spi  Summ/Air       ###.....     24%         4    ####...
d - Summon Ice Beast      Ice/Summ       ###.....     41%         4    ####...


Dungeon Overview and Level Annotations

Branches:
Dungeon (6/15)             Temple (1/1) D:5

Altars:
Ashenzari
Cheibriados
Dithmenos
Elyvilon
Fedhas
Gozag
Hepliaklqana
Kikubaaqudgha
Makhleb
Nemelex Xobeh
Okawaru
Qazlal
Ru
Sif Muna
Trog
Uskayaw
Vehumet
Xom
Yredelemnul
Zin
The Shining One


Innate Abilities, Weirdness & Mutations

You have a beak for a mouth.
You have claws for feet.
You can fly.


Message History

The centaur closely misses you. The centaur barely misses you.
You hit the centaur but do no damage. You peck the centaur.
The centaur is lightly wounded.
The centaur hits you!
The centaur hits you but does no damage.
You hit the centaur.
The centaur is poisoned.
You peck the centaur, but do no damage.
The centaur is lightly wounded.
The centaur hits you! The centaur barely misses you.
You hit the centaur but do no damage.
The centaur looks as sick as possible!
You claw the centaur.
The centaur is lightly wounded.
The centaur hits you.
You hit the centaur.
The centaur looks as sick as possible!
Your peck misses the centaur.
The centaur is moderately wounded.
The centaur hits you!
* * * LOW HITPOINT WARNING * * *
The centaur hits you!
You die...

.# ...... # .# ......
# ..###.....> # ####
.........# #..###
#....S...### #....##
..........## ###
#.....## #c..........
###..
##......####@.........
.....
#.........##..####....
...... #####........##
#..##...... ##.......#
#.......# #.......##
#....# ### #.....(..#
#..### #.###...###..#
##.## ##..##..##
##..####...##
#....#.##
#..#......###


You could see a centaur (berserk) and an adder.

Vanquished Creatures
  2 ogres
  A howler monkey (D:5)
  A crimson imp (D:5)
  3 jellies
  An orc priest (D:4)
  An orc wizard (D:3)
  2 hounds (D:4)
  A centaur skeleton (D:6)
  A gnoll shaman (D:5)
  Natasha (twice) (D:2)
  2 iguanas
  6 worker ants
  5 gnolls
  6 adders
  A shadow imp (D:5)
  2 oozes
  An adder skeleton (D:5)
  A worm (D:5)
  A dart slug (D:1)
  3 leopard geckos
  13 orcs
  6 giant cockroaches
  9 hobgoblins
  7 jackals
  4 kobolds
  A quokka (D:4)
  A ball python (D:3)
  7 bats
  4 frilled lizards
  7 goblins
  2 quokka skeletons
  5 rats
109 creatures vanquished.

Vanquished Creatures (collateral kills)
  A hungry ghost (D:4)
  A sky beast (D:5)
  An ogre (D:5)
  An orc priest (D:4)
  Natasha (D:2)
  3 gnolls (D:5)
  An adder (D:2)
  A worm (D:2)
  A leopard gecko (D:5)
  A hobgoblin (D:1)
  A kobold (D:2)
13 creatures vanquished.

Grand Total: 122 creatures vanquished

Notes
Turn   | Place    | Note
-------+----------+-------------------------------------------
     0 | D:1      | doot the Tengu Summoner began the quest for the Orb.
     0 | D:1      | Reached XP level 1. HP: 10/10 MP: 4/4
   314 | D:1      | Reached skill level 5 in Summonings
   532 | D:1      | Reached XP level 2. HP: 15/15 MP: 6/6
  1103 | D:1      | Reached XP level 3. HP: 19/19 MP: 7/7
  1108 | D:1      | Learned a level 3 spell: Call Canine Familiar
  1693 | D:2      | Noticed Natasha
  1702 | D:2      | Killed Natasha
  1702 | D:2      | Reached skill level 6 in Summonings
  1702 | D:2      | Reached XP level 4. HP: 24/24 MP: 1/8
  1804 | D:2      | Noticed Natasha
  1821 | D:2      | Killed Natasha
  1963 | D:2      | Noticed Natasha
  1991 | D:2      | Killed Natasha
  1991 | D:2      | Reached skill level 1 in Short Blades
  1991 | D:2      | Gained mutation: You can fly. [Tengu growth]
  1991 | D:2      | Reached XP level 5. HP: 19/28 MP: 1/9
  1999 | D:2      | Learned a level 4 spell: Summon Lightning Spire
  2257 | D:3      | Reached skill level 1 in Air Magic
  2693 | D:4      | Found a shimmering altar of Xom.
  2767 | D:4      | Reached XP level 6. HP: 33/33 MP: 10/10
  2789 | D:4      | Noticed a hungry ghost
  2820 | D:4      | Killed a hungry ghost
  3470 | D:4      | Reached XP level 7. HP: 33/37 MP: 7/12
  3517 | D:5      | Entered Level 5 of the Dungeon
  3619 | D:5      | Reached skill level 1 in Fighting
  3619 | D:5      | Reached skill level 7 in Summonings
  4094 | D:5      | Learned a level 4 spell: Summon Ice Beast
  4391 | D:5      | Found a staircase to the Ecumenical Temple.
  4432 | Temple   | Entered the Ecumenical Temple
  4439 | Temple   | Became a worshipper of Sif Muna the Loreminder
  4610 | D:5      | Reached XP level 8. HP: 43/43 MP: 13/13
  4638 | D:5      | Reached skill level 5 in Stealth
  4748 | D:5      | Reached skill level 1 in Armour
  5031 | D:6      | Reached skill level 8 in Summonings
  5176 | D:6      | Slain by a centaur

Skill      XL: |  1  2  3  4  5  6  7  8 |
---------------+-------------------------+-----
Summonings     | 5 6 7 8 |  8.0
Short Blades   | 1 2 3 |  3.5
Stealth        | 3 4 5 |  5.1
Air Magic      | 2 3 |  3.5
Dodging        | 3 |  3.5
Fighting       | 1 |  1.8
Spellcasting   | 3 |  3.7
Armour         | 1 |  1.3
Maces & Flails | |  0.2
Ice Magic      | |  0.6

Action                   |  1- 3 |  4- 6 |  7- 9 || total
-------------------------+-------+-------+-------++-------
Melee: Club              |    32 |       |       ||    32
       Unarmed           |     9 |       |       ||     9
       Kick              |    25 |    20 |    38 ||    83
       Peck              |    11 |    16 |    25 ||    52
       Dagger            |    58 |   105 |   141 ||   304
 Cast: Summon Small Mamm |     4 |     1 |     1 ||     6
       Call Canine Famil |     4 |     6 |     5 ||    15
       Summon Lightning  |       |     3 |     2 ||     5
 Abil: Fly               |       |       |     1 ||     1
  Use: Potion            |       |     2 |     1 ||     3
       Scroll            |       |       |     4 ||     4
 Stab: Sleeping          |     6 |    14 |     3 ||    23
       Distracted        |     1 |     2 |       ||     3
  Eat: Chunk             |     3 |     8 |     7 ||    18
Armor: Robe              |     9 |    14 |     7 ||    30
       Leather armour    |       |       |    10 ||    10
Dodge: Dodged            |    63 |    58 |    79 ||   200
